 Dungeon Crawl Stone Soup version 0.27.1-35-g4d5d836560 (webtiles) character file.

Game seed: 5870089028495312046

8 Morbidden the Skirmisher (level 2, 9/24 HPs)
             Began as a Demonspawn Fighter on Feb 23, 2022.
             Quit the game on level 1 of the Dungeon.
             The game lasted 00:00:13 (43 turns).

Morbidden the Skirmisher (Demonspawn Fighter)         Turns: 43, Time: 00:00:14

Health: 9/24       AC:  6    Str: 16    XL:     2   Next: 0%
Magic:  2/2        EV:  6    Int:  9    God:
Gold:   0          SH:  8    Dex: 12    Spells: 1/1 levels left

rFire    . . .     SeeInvis .   a - +0 long sword
rCold    . . .     Faith    .   c - +0 kite shield
rNeg     . . .     Spirit   .   b - +0 scale mail
rPois    .         Reflect  .   (no helmet)
rElec    .         Harm     .   (no cloak)
rCorr    .         Rampage  .   (no gloves)
Will     .....                  (no boots)
Stlth    ..........             (no amulet)
HPRegen  0.08/turn              (no ring)
MPRegen  0.08/turn              (no ring)

@: no status effects
A: claws 1
a: no special abilities


You were on level 1 of the Dungeon.
You visited 1 branch of the dungeon, and saw 1 of its levels.

Inventory:

Hand Weapons
 a - a +0 long sword (weapon)
 e - a +1 dagger of venom
Missiles
 f - 6 boomerangs (quivered)
Armour
 b - a +0 scale mail (worn)
 c - a +0 kite shield (worn)
Potions
 d - a potion of might


   Skills:
 + Level 3.1 Fighting
 + Level 1.8 Long Blades
 + Level 2.8 Armour
 + Level 2.8 Shields


You had one spell level left.
You didn't know any spells.
Your spell library was empty.

Dungeon Overview and Level Annotations

Branches:
Dungeon (1/15)

Altars:


Innate Abilities, Weirdness & Mutations

You have sharp fingernails.


Message History

You are too injured to fight recklessly!
You are too injured to fight recklessly!
You are too injured to fight recklessly!
You are too injured to fight recklessly!
You are too injured to fight recklessly!
You are too injured to fight recklessly!
You are too injured to fight recklessly!
You are too injured to fight recklessly!
You are too injured to fight recklessly!
You are too injured to fight recklessly!
You are too injured to fight recklessly!
You are too injured to fight recklessly!
You are too injured to fight recklessly!
You are too injured to fight recklessly!
You are too injured to fight recklessly!
You are too injured to fight recklessly!
You are too injured to fight recklessly!
You are too injured to fight recklessly!
You are too injured to fight recklessly!
You are too injured to fight recklessly!
The endoplasm barely misses you.
You riposte.
You slash the endoplasm!
You kill the endoplasm!
You block the goblin's attack.
You closely miss the goblin. You block the goblin's attack.
You closely miss the goblin. The goblin hits you but does no damage.
The goblin hits you with a +0 dagger.
You hit the goblin.
You kill the goblin!
You have reached level 2!
Your demonic ancestry asserts itself...
Your fingernails lengthen.
You see here a +0 dagger.
You see here 6 boomerangs.
Things that are here:
a +1 dagger of venom; a goblin corpse
e - a +1 dagger of venom You see here 6 boomerangs.
f - 6 boomerangs Unknown command.
Are you sure you want to abandon this character and quit the game? (Confirm with "yes".)

.. ... #.# #.# #
... ... .# #.#
#.# #.#
.........#
#.#.#.#.#...#
............#
#†#.# ##@†.#
##....# .#
##)#...# #.
#.##.#.# #.#
##.#......
#..###..#..#.#...
#.(#..##..#.#.#.
#..#..##..# # #
#...## .#


There were no monsters in sight!

Vanquished Creatures
  An endoplasm (D:1)
  2 goblins (D:1)
  3 jackals (D:1)
6 creatures vanquished.

Notes
Turn   | Place    | Note
-------+----------+-------------------------------------------
     0 | D:1      | Morbidden the Demonspawn Fighter began the quest for the
                  | Orb.
     0 | D:1      | Reached XP level 1. HP: 18/18 MP: 1/1
    36 | D:1      | Gained mutation: You have sharp fingernails. [demonic
                  | ancestry]
    36 | D:1      | Reached XP level 2. HP: 9/24 MP: 2/2
    43 | D:1      | Quit the game

Illustrated notes

Levels and vault maps discovered:
D:1:      dpeg_arrival_simpleton_a, layout_basic,
          shapermc_ecumenical_altar_flowoftime, st_stairs_9

Action                   || total
-------------------------++-------
Melee: Long sword        ||    23
Armor: Scale mail        ||    11
Dodge: Dodged            ||     8
Block: Kite shield       ||    19
       Rpst.: Long sword ||     1
